Map: [ESL] Ghost River

Players

Reynor - Winner!

  • Race: Zerg Zerg
  • Spawn Location: 1:00

MaNa

  • Race: Protoss Protoss
  • Spawn Location: 11:00

Event: ESL SC2 Masters 2024 Spring (Regional)

VOD

Have the link to the VOD?

Description

Time

  • Played on: April 26, 2024, 10:12 a.m.
  • Length: 9:52

All games in this series

Show
View Real Time Build Order
Export as new Build Order

Reynor Zerg - Winner!

Build Orders: Hatch First 

Get SALT Encoding   

  12  0:00  Drone  
  13  0:12  Overlord  
  13  0:17  Drone  
  14  0:30  Drone x2  
  16  0:48  Hatchery  
  15  0:51  Drone  
  15  0:55  Drone  
  17  0:58  Drone  
  18  1:09  Extractor  
  17  1:16  Spawning Pool  
  17  1:18  Drone  
  17  1:22  Drone  
  18  1:29  Drone  
  19  1:39  Drone  
  20  1:50  Overlord  
  20  2:01  Drone  
  20  2:02  Drone  
  20  2:03  Queen x2  
  26  2:12  Zergling x4  
  26  2:14  Metabolic Boost  
  28  2:22  Drone x2  
  30  2:32  Zergling x2  
  30  2:34  Drone  
  32  2:41  Hatchery  
  31  2:45  Zergling x2  
  31  2:49  Overlord  
  32  2:56  Zergling x2  
  33  3:01  Drone  
  33  3:03  Queen  
  36  3:08  Zergling x2  
  36  3:09  Queen  
  36  3:10  Drone  
  40  3:13  Overlord  
  40  3:16  Drone  
  40  3:17  Drone  
  41  3:21  Drone  
  41  3:27  Drone x2  
  42  3:35  Drone  
  43  3:43  Queen  
  43  3:44  Drone x2  
  47  3:49  Queen  
  47  3:51  Spore Crawler  
  46  3:56  Drone  
  46  3:57  Drone  
  46  3:58  Drone x2  
  46  3:59  Drone  
  52  4:04  Queen  
  52  4:06  Drone  
  55  4:10  Overlord  
  55  4:14  Spore Crawler, Drone  
  55  4:15  Drone  
  56  4:18  Drone x2  
  58  4:25  Overlord  
  58  4:29  Spore Crawler, Drone x3  
  60  4:35  Overlord  
  60  4:36  Drone  
  60  4:37  Drone  
  62  4:38  Zergling x4  
  62  4:43  Drone x3  
  62  4:45  Drone  
  68  4:49  Overlord  
  68  4:50  Drone x2  
  66  4:58  Drone x4  
  69  5:03  Roach Warren  
  69  5:05  Evolution Chamber  
  67  5:08  Lair  
  67  5:10  Zergling x4  
  67  5:11  Zergling x2  
  70  5:15  Zergling x6  
  70  5:19  Overlord  
  73  5:22  Evolution Chamber  
  73  5:25  Evolution Chamber  
  70  5:32  Overlord  
  70  5:34  Drone x3  
  74  5:36  Drone x3  
  74  5:40  Drone x4  
  80  5:45  Drone x3  
  80  5:46  Drone  
  80  5:48  Extractor  
  80  5:49  Drone  
  83  5:50  Extractor  
  83  5:51  Extractor  
  83  5:53  Overlord  
  83  5:55  Drone x3  
  83  5:56  Drone  
  85  5:58  Extractor  
  85  5:59  Extractor  
  82  6:05  Overlord  
  82  6:08  Drone x3  
  82  6:10  Drone  
  83  6:20  Glial Reconstitution, Hatchery  
  83  6:22  Roach x3  
  83  6:23  Queen  
  83  6:25  Roach, Zergling x6  
  95  6:31  Roach x3  
  101  6:35  Overlord  
  101  6:38  Roach x2  
  101  6:39  Roach  
  107  6:42  Roach x2  
  107  6:44  Overlord  
  110  6:48  Roach x2  
  110  6:53  Roach x3  
  119  6:58  Roach x2  
  122  7:03  Roach x3  
  122  7:05  Overlord  
  122  7:07  Overlord  
  128  7:11  Roach  
  128  7:13  Overlord  
  128  7:15  Pneumatized Carapace  
  130  7:17  Overlord  
  130  7:23  Overlord  
  130  7:25  Roach x4  
  130  7:26  Zergling x4  
  140  7:30  Zergling x2  
  140  7:32  Ravager x5  
  140  7:36  Zergling x8  
  150  7:39  Overlord  
  150  7:42  Zergling x8  
  154  7:50  Roach x2, Zergling x6  
  161  7:59  Roach  
  161  8:03  Roach  
  161  8:04  Zergling x6, Roach  
  157  8:07  Roach x2  
  157  8:11  Roach x2  
  145  8:13  Roach  
  145  8:14  Roach x2, Zergling x2  
  145  8:15  Queen  
  145  8:18  Roach  
  135  8:23  Roach x2  
  135  8:26  Roach  
  131  8:27  Ravager x2  
  131  8:33  Roach x4  
  139  8:37  Roach x3  
  139  8:39  Roach x2  
  142  8:44  Roach  
  142  8:48  Roach, Ravager x2  
  142  8:49  Ravager  
  142  8:51  Roach x2, Zergling x2  
  142  8:52  Roach  
  150  8:58  Roach  
  150  9:00  Roach x3  
  150  9:02  Roach x2, Zergling x6  
  157  9:08  Roach x2, Zergling x4  
  157  9:13  Ravager x2  
  157  9:15  Roach, Zergling x2  
  160  9:17  Zergling x2  
  160  9:23  Roach  
  152  9:28  Roach x3  
  174  9:49  Ravager  
Show
View Real Time Build Order
Export as new Build Order

MaNa Protoss 

Build Orders: 1 Gate Expand, Oracle Opening 

Get SALT Encoding   

  12  0:00  Probe  
  13  0:12  Probe  
  14  0:18  Pylon  
  14  0:25  Probe (Chrono Boost)  
  15  0:38  Probe (Chrono Boost)  
  16  0:44  Probe (Chrono Boost), Gateway  
  17  0:51  Assimilator  
  17  0:52  Probe  
  18  1:05  Probe  
  19  1:17  Probe  
  20  1:27  Nexus  
  20  1:37  Cybernetics Core  
  20  1:42  Probe  
  21  1:47  Assimilator  
  21  1:53  Pylon  
  21  1:56  Probe  
  22  2:08  Probe  
  23  2:11  Adept (Chrono Boost)  
  25  2:18  Stargate  
  25  2:20  Probe  
  26  2:26  Warp Gate  
  26  2:31  Adept (Chrono Boost)  
  26  2:32  Probe  
  29  2:40  Probe  
  30  2:44  Probe  
  31  2:52  Probe  
  31  2:53  Adept  
  31  2:56  Probe  
  35  3:00  Oracle (Chrono Boost)  
  38  3:05  Probe  
  38  3:08  Probe  
  38  3:10  Pylon  
  40  3:17  Probe  
  41  3:20  Probe  
  42  3:32  Oracle  
  44  3:34  Probe (Chrono Boost)  
  44  3:39  Probe (Chrono Boost)  
  43  3:45  Gateway  
  43  3:46  Probe (Chrono Boost)  
  44  3:51  Probe (Chrono Boost)  
  44  3:54  Probe (Chrono Boost)  
  46  3:57  Twilight Council, Probe (Chrono Boost)  
  46  4:00  Probe, Forge  
  48  4:06  Probe  
  49  4:12  Probe  
  49  4:14  Adept  
  52  4:19  Nexus  
  52  4:20  Blink  
  52  4:23  Pylon  
  52  4:28  Pylon, Probe  
  52  4:29  Protoss Ground Weapons Level 1 (Chrono Boost)  
  52  4:30  Probe  
  54  4:34  Assimilator  
  54  4:36  Assimilator  
  54  4:41  Probe  
  54  4:42  Probe  
  53  4:54  Probe x2  
  53  4:55  Adept x2  
  59  5:05  Gateway  
  59  5:06  Probe, Gateway  
  60  5:10  Gateway  
  60  5:15  Probe  
  60  5:17  Gateway  
  60  5:18  Probe  
  60  5:19  Zealot  
  62  5:33  Probe x2  
  62  5:35  Stalker  
  62  5:39  Oracle, Probe  
  62  5:42  Pylon  
  62  5:45  Probe x2  
  64  5:51  Probe  
  64  5:54  Zealot, Robotics Facility  
  67  5:57  Probe x2  
  67  6:00  Stalker x2  
  67  6:03  Probe  
  74  6:04  Zealot  
  74  6:06  Zealot  
  74  6:14  Probe (Chrono Boost)  
  74  6:18  Stalker x2  
  76  6:19  Probe (Chrono Boost)  
  76  6:25  Probe (Chrono Boost)  
  79  6:29  Sentry, Probe x2 (Chrono Boost)  
  79  6:30  Sentry  
  79  6:31  Shield Battery  
  85  6:33  Probe (Chrono Boost)  
  85  6:35  Protoss Ground Weapons Level 2 (Chrono Boost)  
  85  6:37  Pylon  
  85  6:42  Robotics Bay  
  85  6:47  Robotics Facility  
  85  6:52  Observer (Chrono Boost)  
  85  6:55  Assimilator, Probe x3  
  85  6:57  Assimilator  
  85  7:00  Stalker x2  
  93  7:02  Pylon  
  93  7:05  Pylon  
  93  7:07  Pylon  
  93  7:09  Shield Battery  
  93  7:13  Observer  
  93  7:21  Immortal (Chrono Boost)  
  93  7:22  Stalker x2  
  101  7:26  Gateway  
  101  7:29  Probe x2  
  104  7:30  Probe  
  108  7:37  Disruptor (Chrono Boost)  
  108  7:41  Probe  
  108  7:42  Probe  
  108  7:43  Probe  
  111  7:45  Stalker x2  
  111  7:46  Stalker  
  117  7:57  Probe  
  116  8:03  Stalker x3  
  114  8:12  Zealot x3  
  116  8:18  Colossus  
  116  8:19  Colossus  
  116  8:21  Zealot  
  116  8:27  Stalker x2  
  114  8:32  Stalker  
  111  8:36  Stalker x2  
  109  8:43  Stalker x2  
  104  8:50  Stalker x2  
  95  8:56  Stalker  
  95  8:59  Stalker  
  90  9:06  Stalker x2  
  88  9:15  Stalker x2  
  83  9:28  Stalker x2  
  83  9:30  Stalker  
  78  9:39  Stalker  
Tags
 
Add a new tag
Caveats
  • Supply blocks, unpowered buildings, or Contaminate may cause inaccurate times.
  • Supply counts are checked every 10 seconds.